 Dungeon Crawl Stone Soup version 0.31.0-9-g3a7656b989 (webtiles) character file.

Game seed: 15616679141398126834

32 qw the Shooter (level 3, 0/18 HPs)
             Began as a Spriggan Hunter on Feb 2, 2024.
             Slain by a goblin
             ... wielding a +0 club
             ... led by Robin
              (4 damage)
             ... on level 1 of the Dungeon.
             The game lasted 00:00:02 (715 turns).

qw the Shooter (Spriggan Hunter)                     Turns: 715, Time: 00:00:03

Health: 0/18       AC:  4    Str:  7    XL:     3   Next: 10%
Magic:  4/4        EV: 19    Int: 10    God:
Gold:   28         SH:  0    Dex: 20    Spells: 2/2 levels left

rFire   . . .        a - +0 shortbow
rCold   . . .        (shield currently unavailable)
rNeg    . . .        c - +0 robe
rPois   .            f - +2 hat
rElec   .            (no cloak)
rCorr   .            (gloves unavailable)
SInv    +            (boots unavailable)
Will    .....        (no amulet)
Stlth   ++           (no ring)
HPRegen 0.23/turn    (no ring)
MPRegen 0.09/turn

%: no passive effects
@: very quick
A: very small, no large weapons, unfitting armour, see invisible, speed 3
a: no special abilities


You were on level 1 of the Dungeon.
You visited 1 branch of the dungeon, and saw 2 of its levels.

You collected 28 gold pieces.


Innate Abilities, Weirdness & Mutations

You are very small and have problems with some larger weapons.
You are too small for most types of armour.
You have supernaturally acute eyesight. (SInv)
You cover ground extremely quickly. (Speed+++)


   Skills:
 - Level 1.5 Fighting
 + Level 4.4 Ranged Weapons
 - Level 4.1 Dodging
 - Level 1.5 Stealth


You had 2 spell levels left.
You didn't know any spells.
Your spell library was empty.

Inventory:

Hand Weapons
 a - a +0 shortbow (weapon)
Armour
 c - a +0 robe (worn)
 f - a +2 hat (worn)
Scrolls
 d - 3 scrolls of identify
Potions
 g - a potion of haste

Dungeon Overview and Level Annotations

Branches:
Dungeon (2/15)

Altars:

Shops:
D:1 =

Annotations:
D:1 Terence
D:2 Robin


Message History

The goblin hits you but does no damage. The goblin closely misses you.
Terence closely misses you.
You shoot an arrow. The arrow hits Terence.
Terence is moderately wounded.
The goblin misses you. x2; Terence barely misses you.
You shoot an arrow.
The arrow hits Terence but does no damage.
Terence is moderately wounded.
The goblin misses you. x2; Terence hits you but does no damage.
You shoot an arrow. The arrow hits Terence.
Terence is moderately wounded.
The goblin hits you with a +0 club. The goblin barely misses you.
Terence closely misses you.
You shoot an arrow. The arrow hits Terence.
Terence is heavily wounded.
The goblin hits you with a +0 club. The goblin misses you.
Terence completely misses you. The goblin closely misses you. x2
Terence misses you.
You shoot an arrow.
The arrow hits Terence but does no damage.
Terence is heavily wounded.
The goblin hits you with a +0 club. The goblin misses you.
Terence barely misses you.
You shoot an arrow. The arrow hits Terence.
Terence is severely wounded.
The goblin hits you with a +0 club. The goblin barely misses you.
Terence barely misses you.
You shoot an arrow. The arrow hits Terence.
Terence is severely wounded.
The goblin misses you. x2; Terence barely misses you.
You shoot an arrow.
The arrow hits Terence but does no damage.
Terence is severely wounded.
The goblin completely misses you. The goblin hits you with a +0 dagger.
Terence misses you.
You shoot an arrow. The arrow hits Terence.
Terence is almost dead.
The goblin misses you. The goblin hits you but does no damage.
Terence hits you but does no damage. The goblin hits you with a +0 club.
You die...

#.............#.#
##).........#.#.#
##...##...##.#.#######
########.##.#.......####
#.......#####..%.##
#.......# ####..####
#.......# ##.....
#.....g.# ######
#....@g.# #....\@.#
#.......# #....>.>#
#.......# #.......#
#########


You could see Terence and 2 goblins.

Vanquished Creatures
  3 dart slugs (D:1)
  2 ball pythons (D:1)
  4 endoplasms (D:1)
  A giant cockroach (D:1)
  3 goblins (D:1)
  2 hobgoblins (D:1)
  3 quokkas (D:1)
  2 kobolds (D:1)
  4 rats (D:1)
24 creatures vanquished.

Notes
Turn   | Place    | Note
-------+----------+-------------------------------------------
     0 | D:1      | qw the Spriggan Hunter began the quest for the Orb.
     0 | D:1      | Reached XP level 1. HP: 10/10 MP: 2/2
     0 | D:1      | 0 ||| qw: Version: 0.3-a-155-g5e7d8dd
     0 | D:1      | 0 ||| qw: Game counter: 1340
     0 | D:1      | 0 ||| qw: Melee chars always use a shield: true
     0 | D:1      | 0 ||| qw: God list: Okawaru
     0 | D:1      | 0 ||| qw: Allow faded altars: false
     0 | D:1      | 0 ||| qw: Do Orc after clearing Dungeon:15 true
     0 | D:1      | 0 ||| qw: Do second Lair branch before Depths: true
     0 | D:1      | 0 ||| qw: Lair rune preference: random
     0 | D:1      | 0 ||| qw: Goals: Normal
     0 | D:1      | 0 ||| PLANNING D:1-11
    33 | D:1      | Reached skill level 3 in Dodging
    77 | D:1      | Reached XP level 2. HP: 14/14 MP: 3/3
   467 | D:1      | Found Souninar's Jewellery Emporium.
   478 | D:1      | 478 ||| SHOPLISTING +4 ring of protection (504 gold, have
                  | 28).
   478 | D:1      | 478 ||| SHOPLISTING +5 ring of evasion (504 gold, have 28).
   478 | D:1      | 478 ||| SHOPLISTING +6 ring of dexterity (504 gold, have
                  | 28).
   478 | D:1      | 478 ||| SHOPLISTING +6 ring of strength (504 gold, have
                  | 28).
   478 | D:1      | 478 ||| SHOPLISTING amulet of faith (560 gold, have 28).
   478 | D:1      | 478 ||| SHOPLISTING amulet of the acrobat (420 gold, have
                  | 28).
   478 | D:1      | 478 ||| SHOPLISTING ring of willpower (350 gold, have 28).
   488 | D:1      | Reached XP level 3. HP: 18/18 MP: 4/4
   638 | D:1      | 638 ||| UPGRADING to +2 hat.
   643 | D:1      | 643 ||| READING 6 scrolls labelled SEBACK APEPRETES.
   643 | D:1      | 643 ||| IDENTIFYING fuming yellow potion
   644 | D:1      | 644 ||| READING 5 scrolls of identify.
   644 | D:1      | 644 ||| IDENTIFYING 2 pink potions
   645 | D:1      | 645 ||| READING 4 scrolls of identify.
   645 | D:1      | 645 ||| IDENTIFYING scroll labelled WENEUD YP ZOWI
   646 | D:1      | 646 ||| DROPPING scroll of butterflies.
   647 | D:1      | 647 ||| DROPPING 2 potions of magic.
   648 | D:1      | 648 ||| DROPPING scroll of immolation.
   702 | D:2      | Noticed Terence
   702 | D:2      | Noticed Robin
   703 | D:2      | 703 ||| STAIRDANCE
   712 | D:1      | HP: 4/18 [goblin/+0 club[Robin] (2)]
   715 | D:1      | Slain by a goblin

Levels and vault maps discovered:
D:1:      dpeg_arrival_refuge, layout_rooms, serial_shops, shop
D:2:      layout_basic, basic_altar, uniq_terence, uniq_robin

Skill      XL: |  1  2 |
---------------+-------+-----
Dodging        | 3 4 |  4.1
Fighting       | |  1.5
Ranged Weapons | |  4.4
Stealth        | |  1.5

Action                     || total
---------------------------++-------
   Fire: Shortbow          ||    70
    Use: Scroll            ||     3
 Armour: Robe              ||    15
  Dodge: Dodged            ||    36

Table legend:
 A = Non-vault XP
 B = Vault XP
 C = Vault XP percentage of total XP
 D = Non-vault monster count
 E = Vault monster count
 F = Vault count percentage of total count
                 A         B        C        D         E       F
            +---------+---------+-------+---------+---------+-------
      Total |      47 |       0 |   0.0 |      24 |       0 |   0.0
            +---------+---------+-------+---------+---------+-------
        D:1 |      47 |       0 |   0.0 |      24 |       0 |   0.0
            +---------+---------+-------+---------+---------+-------
